 Dungeon Crawl Stone Soup version 0.30-a0-166-g5d06c95188 (webtiles) character file.

Game seed: 8476810663570844298

231 Decritt the Digger (level 6, -2/38 HPs)
             Began as a Gargoyle Earth Elementalist on Sept 29, 2022.
             Slain by an iguana (6 damage)
             ... on level 3 of the Dungeon.
             The game lasted 00:06:06 (3416 turns).

Decritt the Digger (Gargoyle Earth Elementalist)    Turns: 3416, Time: 00:06:07

Health: -2/38      AC:  8    Str: 15    XL:     6   Next: 3%
Magic:  1/10       EV: 11    Int: 18    God:
Gold:   132        SH:  0    Dex: 10    Spells: 5/11 levels left

rFire   + . .      SeeInvis .    q - +5 whip of the Doomed Warrior {vorpal, Fragile Str+4}
rCold   . . .      Faith    .    (no shield)
rNeg    + . .      Spirit   .    r - +0 leather armour {rF+}
rPois   ∞          Reflect  .    (no helmet)
rElec   +          Harm     .    (no cloak)
rCorr   .          Rampage  .    d - +0 pair of gloves
Will    .....                    (no boots)
Stlth   ++........               (no amulet)
HPRegen 0.12/turn                (no ring)
MPRegen 0.12/turn                (no ring)

@: no status effects
A: sickness immunity, AC +4, negative energy resistance 1, electricity
resistance, torment resistance 1, petrification resistance
a: no special abilities


You were on level 3 of the Dungeon.
You visited 1 branch of the dungeon, and saw 4 of its levels.

You collected 132 gold pieces.

Inventory:

Hand Weapons
 o - a +2 mace of protection
 q - the +5 whip of the Doomed Warrior (weapon) {vorpal, Fragile Str+4}
   (You took it off a goblin on level 3 of the Dungeon)

   It inflicts extra damage upon your enemies.
   Str:       It affects your strength (+4).
   Fragile:   It will be destroyed if unequipped.
Missiles
 f - 5 silver javelins
Armour
 d - a +0 pair of gloves (worn)
 r - a +0 leather armour of fire resistance (worn)
Wands
 m - a wand of digging (7)
Scrolls
 g - 4 scrolls of identify {unknown}
 h - 3 scrolls of teleportation {unknown}
 j - a scroll of vulnerability {unknown}
 k - a scroll of noise {unknown}
 n - a scroll of fear {unknown}
 p - a scroll of summoning {unknown}
Potions
 b - 2 potions of magic
 c - 3 potions of curing {unknown}
 e - 3 potions of invisibility {unknown}
 i - 2 potions of mutation {unknown}
 l - a potion of heal wounds {unknown}


   Skills:
 * Level 3.7 Fighting
 + Level 0.3 Armour
 - Level 1.5 Dodging
 - Level 2.1 Stealth
 + Level 3.0 Spellcasting
 + Level 2.4 Conjurations
 - Level 0.7 Transmutations
 + Level 4.7 Earth Magic


You had 5 spell levels left.
You knew the following spells:

 Your Spells              Type           Power      Damage    Failure   Level
a - Sandblast             Erth           38%        2d10      3%          1
b - Stone Arrow           Conj/Erth      30%        3d8       14%         3
c - Passwall              Tmut/Erth      10%        N/A       10%         2

Your spell library contained the following spells:

 Spells                   Type           Power      Damage    Failure   Level
 Shock                    Conj/Air       28%        1d4       12%         1
 Inner Flame              Hex/Fire       2%         N/A       52%         3
 Swiftness                Air            2%         N/A       52%         3
 Petrify                  Tmut/Erth      12%        N/A       54%         4
 Airstrike                Air            1%         2d(1-17)  89%         4
 Cause Fear               Hex            1%         N/A       89%         4
 Malign Gateway           Summ/Tloc      1%         N/A       100%        7
 Discord                  Hex            1%         N/A       100%        8
 Summon Horrible Things   Summ           1%         N/A       100%        8


Dungeon Overview and Level Annotations

Branches:
Dungeon (4/15)
 Temple: D:4-7

Altars:


Innate Abilities, Weirdness & Mutations

You are immune to sickness and miasma.
Your stone body is resilient. (AC +4)
You are immune to poison.
You resist negative energy. (rN+)
You are resistant to electric shocks. (rElec)
You are resistant to unholy torment.
You are immune to petrification.


Message History

Press: ? - help, Shift-Dir - straight line, f/p - iguana
Aim: an iguana (heavily wounded, 84% to hit)
The blast of sand misses the iguana.
The iguana bites you.
* * * LOW HITPOINT WARNING * * *
You barely miss the iguana.
The iguana is heavily wounded.
The iguana closely misses you.
Casting: Sandblast (safe; 3% risk of failure)
Confirm with . or Enter, or press ? or * to list all spells.
Aiming: Sandblast (safe; 3% risk of failure)
Press: ? - help, Shift-Dir - straight line, f/p - iguana
Aim: an iguana (heavily wounded, 84% to hit)
The blast of sand hits the iguana but does no damage.
The iguana is heavily wounded.
The iguana hisses menacingly.
The iguana bites you but does no damage.
The iguana barely misses you.
Casting: Sandblast (safe; 3% risk of failure)
Confirm with . or Enter, or press ? or * to list all spells.
Aiming: Sandblast (safe; 3% risk of failure)
Press: ? - help, Shift-Dir - straight line, f/p - iguana
Aim: an iguana (heavily wounded, 84% to hit)
The blast of sand hits the iguana but does no damage.
The iguana is heavily wounded.
The iguana bites you.
* * * LOW HITPOINT WARNING * * *
Okay, then.
You barely miss the iguana.
The iguana is heavily wounded.
The iguana closely misses you.
Okay, then.
Casting: Sandblast (safe; 3% risk of failure)
Confirm with . or Enter, or press ? or * to list all spells.
Aiming: Sandblast (safe; 3% risk of failure)
Press: ? - help, Shift-Dir - straight line, f/p - iguana
Aim: an iguana (heavily wounded, 84% to hit)
The blast of sand hits the iguana.
The iguana is severely wounded.
The iguana barely misses you. The iguana bites you.
You die...

##...##########..
#.#.###.........
#.#.....#####...
####.#..#### #...
#.......# #...
#......## #...
##......# #...
#...)...#########...
#..@l...)...........
#...###[#########...
#...# #)# #### ##..#
#.# #..# #.#######
#..# #.......# #..#
#.......# #..#
#.......#
############..#
#.......#


You could see an iguana.

Vanquished Creatures
  An iguana (D:4)
  2 orc wizards (D:3)
  4 gnolls (D:3)
  5 adders
  2 worms (D:2)
  8 orcs
  2 ball pythons
  3 bats
  5 endoplasms
  4 giant cockroaches
  5 goblins
  4 hobgoblins
  4 jackals (D:2)
  2 quokkas
  A frilled lizard (D:1)
  5 kobolds
  5 rats
62 creatures vanquished.

Notes
Turn   | Place    | Note
-------+----------+-------------------------------------------
     0 | D:1      | Decritt the Gargoyle Earth Elementalist began the quest for
                  | the Orb.
     0 | D:1      | Reached XP level 1. HP: 10/10 MP: 3/3
   593 | D:1      | Reached skill level 1 in Fighting
   593 | D:1      | Reached XP level 2. HP: 16/16 MP: 3/5
  1016 | D:1      | Reached skill level 1 in Conjurations
  1016 | D:1      | Reached skill level 4 in Earth Magic
  1016 | D:1      | Reached XP level 3. HP: 20/21 MP: 0/6
  1300 | D:2      | Reached XP level 4. HP: 26/26 MP: 5/7
  1705 | D:2      | Found a faded altar of an unknown god.
  1934 | D:3      | Learned a level 3 spell: Stone Arrow
  1937 | D:3      | Learned a level 2 spell: Passwall
  2038 | D:3      | Reached XP level 5. HP: 30/32 MP: 3/8
  2289 | D:3      | Identified the +5 whip of the Doomed Warrior {vorpal,
                  | Fragile Str+4}
  3201 | D:4      | Reached XP level 6. HP: 16/38 MP: 7/10
  3416 | D:3      | Slain by an iguana

Illustrated notes

Levels and vault maps discovered:
D:1:      elethiomel_arrival_infinity_welcomes_careful_drivers,
          layout_loops_ring
D:2:      layout_loops_ring, hellmonk_ecumenical_altar_lost_god
D:3:      layout_basic
D:4:      layout_cave_pools, minmay_misc_feat_enclosed, uniq_robin

Skill      XL: |  1  2  3  4  5 |
---------------+----------------+-----
Fighting       | 1 2 3 |  3.7
Conjurations   | 1 2 |  2.4
Earth Magic    | 4 |  4.7
Spellcasting   | 3 |  3.0
Armour         | |  0.3
Dodging        | |  1.5
Stealth        | |  2.1
Transmutations | |  0.7

Action                   |  1- 3 |  4- 6 || total
-------------------------+-------+-------++-------
Melee: Unarmed           |     2 |     2 ||     4
       Mace              |       |    10 ||    10
       Whip              |       |    21 ||    21
Throw: Javelin           |       |     1 ||     1
 Cast: Sandblast         |    29 |    63 ||    92
Armor: Robe              |    14 |    18 ||    32
       Leather armour    |       |     5 ||     5
Dodge: Dodged            |    19 |    35 ||    54

Table legend: (Time is in decaauts)
 A = Elapsed time spent in this place.
 B = Non-inter-level travel time spent in this place.
 C = Inter-level travel time spent in this place.
 D = Time resting spent in this place.
 E = Time spent auto-exploring this place.
 F = Levels seen in this place.
 G = Mean time per level.
                   A        B        C        D        E       F      G
               +--------+--------+--------+--------+--------+-----+--------+
         Total |   3467 |   3332 |    135 |    437 |   2473 |   4 |  866.8 |
       Dungeon |   3467 |   3332 |    135 |    437 |   2473 |   4 |  866.8 |
               +--------+--------+--------+--------+--------+-----+--------+

Top non-repeatable levels by time:
     D:3: 1379 daAuts
     D:1: 1072 daAuts
     D:2: 802 daAuts
     D:4: 212 daAuts
